AoeStats
← miscussi

Arena

509361363Analyzed
2v2 RM · 6d ago on Sep 26, 2026· 44m 35s· 4 players
Game mode
Random Map
Map size
Medium (4 player)
Population
200
Speed
Normal
Resources
Standard
Victory
Conquest
Starting age
Dark Age
Ending age
Imperial Age
RankedLock teamsTeams togetherTeam positionsShared explorationLock speedFull tech treeHidden civsTurbo modeCheats
Victory
Defeat
🇧🇷 Mongols · Brazil
1019
+15
🇦🇷 Teutons · Argentina
983
+16
🇫🇷 Teutons · France
1119
-21
🇫🇷 Britons · France
859
-10
Prince des Lilas
11:29 Feudal Age
12:09 Horse Collar
12:16 Double-Bit Axe
17:17 Castle Age
18:56 Wheelbarrow
18:23 Heavy Plow
18:36 Bow Saw
20:27 Loom
25:57 Hand Cart
26:37 Gold Mining
26:37 Stone Mining
28:08 Masonry
30:44 Imperial Age
28:08 Fletching
29:30 Bodkin Arrow
30:03 Ballistics
31:55 Crenellations
32:52 Chemistry
32:56 Two-Man Saw
32:46 Crop Rotation
33:00 Stone Shaft Mining
33:02 Town Watch
35:23 Hoardings
34:31 Pikeman
34:58 Arson
35:17 Scale Mail Armor
35:28 Forging
36:24 Conscription
37:03 Guilds
37:01 Siege Engineers
37:30 Elite Teutonic Knight
38:44 Squires
39:13 Chain Mail Armor
39:33 Iron Casting
41:16 Plate Mail Armor
40:51 Halberdier
43:31 Blast Furnace
Toki le Marquis
10:56 Feudal Age
17:44 Castle Age
18:24 Loom
19:14 Wheelbarrow
18:24 Town Watch
18:28 Double-Bit Axe
27:02 Bow Saw
29:41 Fletching
29:51 Padded Archer Armor
31:21 Stone Mining
31:23 Gold Mining
32:08 Hand Cart
34:35 Imperial Age
32:07 Crossbowman
34:06 Gold Shaft Mining
34:47 Leather Archer Armor
34:28 Bodkin Arrow
34:58 Ballistics
36:41 Chemistry
35:48 Siege Engineers
36:16 Ring Archer Armor
37:38 Town Watch
37:56 Bracer
37:25 Arbalester
43:49 Pikeman
miscussi
2:30 Loom
9:30 Feudal Age
10:08 Double-Bit Axe
17:07 Castle Age
16:20 Horse Collar
18:26 Bow Saw
24:25 Wheelbarrow
23:37 Town Watch
24:37 Fletching
24:57 Scale Barding Armor
25:58 Heavy Plow
26:03 Gold Mining
26:04 Stone Mining
27:57 Bodkin Arrow
28:29 Bloodlines
29:33 Ballistics
32:43 Imperial Age
30:30 Hand Cart
33:23 Chain Barding Armor
33:13 Forging
32:52 Cavalier
33:57 Conscription
35:29 Plate Barding Armor
35:30 Iron Casting
35:59 Chemistry
35:09 Masonry
36:16 Crop Rotation
37:00 Hoardings
35:53 Paladin
37:43 Crenellations
41:11 Two-Man Saw
42:20 Blast Furnace
41:09 Arrowslits
42:28 Stone Shaft Mining
43:18 Town Patrol
44:06 Capped Ram
ERJ1919
9:04 Feudal Age
15:15 Castle Age
13:03 Double-Bit Axe
13:03 Horse Collar
14:56 Stone Mining
17:04 Bow Saw
19:26 Heavy Plow
19:49 Loom
19:50 Town Watch
27:32 Stone Shaft Mining
26:50 Gold Mining
29:40 Wheelbarrow
29:05 Town Patrol
35:23 Hand Cart
35:54 Gold Shaft Mining
35:29 Fletching
35:39 Padded Archer Armor
36:17 Crossbowman
37:03 Thumb Ring
41:22 Imperial Age
39:37 Bodkin Arrow
39:57 Leather Archer Armor
41:45 Arbalester
43:29 Conscription
43:43 Bracer
46:00 Chemistry
45:13 Fortified Wall
Connection lost

Rejoining the realm…

Still unreachable

The connection could not be restored.

Session expired

The server has moved on; the page needs a fresh start.